 Dungeon Crawl Stone Soup version 0.20.1-1-g8b1a95d (webtiles) character file.

4041 Gargoyl the Protected (level 10, 0/84 HPs)
             Began as a Minotaur Abyssal Knight on Sept 26, 2017.
             Was an Elder of Lugonu.
             Slain by a wolf (8 damage)
             ... led by Grum
             ... on level 8 of the Dungeon.
             The game lasted 00:13:06 (7516 turns).

Gargoyl the Protected (Minotaur Abyssal Knight)     Turns: 7516, Time: 00:13:07

Health: 0/84       AC: 14    Str: 18    XL:     10   Next: 4%
Magic:  13/13      EV:  3    Int:  9    God:    Lugonu [****..]
Gold:   232        SH:  0    Dex: 12    Spells: 9/9 levels left

rFire    . . .     SeeInvis .   a - +2 hand axe
rCold    . . .     Gourm    .   d - +0 large shield (curse)
rNeg     . . .     Faith    .   g - +0 plate armour
rPois    .         Spirit   .   (helmet restricted)
rElec    .         Reflect  .   (no cloak)
rCorr    .         Harm     .   (no gloves)
MR       .....                  (no boots)
Stlth    ..........             (no amulet)
Regen    0.3/turn               (no ring)
MPRegen  0.2/turn               (no ring)

@: confused
A: retaliatory headbutt, horns 2
a: Depart the Abyss, Bend Space, Banish, Corrupt, Renounce Religion


You were on level 8 of the Dungeon.
You worshipped Lugonu.
Lugonu was greatly pleased with you.
You were not hungry.

You visited 1 branch of the dungeon, and saw 8 of its levels.
You visited the Abyss 1 time.

You collected 556 gold pieces.
You spent 324 gold pieces at shops.

Inventory:

Hand Weapons
 a - a +2 hand axe (weapon)
Missiles
 r - 7 javelins (quivered)
Armour
 d - a cursed +0 large shield (worn)
 g - a +0 plate armour (worn)
Jewellery
 s - a +5 ring of slaying {unknown}
 t - an uncursed ring of poison resistance {unknown}
Scrolls
 e - 2 scrolls of amnesia
 h - 6 scrolls of remove curse
 i - 4 scrolls of teleportation
 j - a scroll of identify
 o - a scroll of recharging
 q - a scroll of enchant armour
Potions
 k - 7 potions of curing
 l - a potion of haste
 n - a potion of brilliance
Comestibles
 b - a royal jelly
 c - 2 bread rations
 m - 3 meat rations
 p - 2 chunks of flesh


   Skills:
 + Level 6.6 Fighting
 + Level 9.1 Axes
 + Level 0.4 Throwing
 * Level 10.2 Armour
 + Level 3.3 Dodging
 + Level 5.6 Shields
 * Level 5.9 Invocations


You had 9 spell levels left.
You didn't know any spells.

Dungeon Overview and Level Annotations

Branches:
Dungeon (8/15)             Temple (0/1) D:6
   Lair: D:8-11

Altars:
Cheibriados
Dithmenos
Elyvilon
Trog
The Shining One

Shops:
D:4 *!

Annotations:
D:8 Grum


Innate Abilities, Weirdness & Mutations

You reflexively headbutt those who attack you in melee.
You have a pair of horns on your head.


Message History

Grum barely misses you.
The wolf bites you but does no damage. x2
Grum hits you from afar with a halberd!
You miss the wolf.
The wolf is moderately wounded.
You hit the wolf. The wolf bites you. The wolf barely misses you.
The wolf bites you. Grum hits you from afar with a halberd!
* * * LOW HITPOINT WARNING * * *
Unknown command.
The wolf bites you.
* * * LOW HITPOINT WARNING * * *
The wolf barely misses you. The wolf bites you but does no damage.
You miss the wolf.
The wolf is moderately wounded.
You miss the wolf. The wolf bites you.
* * * LOW HITPOINT WARNING * * *
The wolf bites you.
* * * LOW HITPOINT WARNING * * *
Grum hits you but does no damage. The wolf bites you!
You die...

#+# #.# #.#
##.## ###.<.##
##......#
#.####.@h...##
#.......hg.##
######..?.....#
#.....####
#######


You could see Grum and 2 wolves.

Vanquished Creatures
  The ghost of gyp21 the Thaumaturge, a novice DEFE of Ashenzari (D:6)
  Pikel (D:7)
  Grinder (D:4)
  The ghost of Berahthraban the Ducker, an amateur HuTm of Sif Muna (D:5)
  2 hippogriffs
  Menkaure (D:7)
  An orc warrior (D:6)
  An ice beast (D:5)
  A hornet zombie (D:6)
  A phantom (D:6)
  An ogre (D:6)
  4 centaurs
  3 bullfrogs
  3 scorpions
  A howler monkey (D:6)
  A crimson imp (D:5)
  2 hounds
  A jelly (D:6)
  7 orc priests
  12 orc wizards
  2 iguanas (D:4)
  4 worker ants
  2 hound skeletons (D:4)
  2 worker ant zombies (D:5)
  10 adders
  2 shadow imps
  An ooze (D:3)
  3 adder skeletons
  4 worms
  2 dart slugs (D:2)
  10 leopard geckos
  30 orcs
  3 ball pythons
  13 bats
  3 giant cockroaches
  4 goblins
  6 hobgoblins
  6 jackals
  7 kobolds
  4 quokkas
  7 frilled lizards
  A jackal skeleton (D:6)
  A quokka zombie (D:7)
  3 rats (D:1)
  A lurking horror (Abyss:2)
177 creatures vanquished.

Vanquished Creatures (others)
  A bullfrog skeleton (D:7)
  An orc (D:7)
2 creatures vanquished.

Grand Total: 179 creatures vanquished

Notes
Turn   | Place    | Note
-------+----------+-------------------------------------------
     0 | Abyss:1  | Gargoyl the Minotaur Abyssal Knight began the quest for the Orb.
     0 | Abyss:1  | Reached XP level 1. HP: 19/19 MP: 1/1
    77 | Abyss:2  | Noticed a small abomination
   110 | Abyss:2  | Noticed a crimson imp
   122 | Abyss:2  | Noticed a large abomination
   145 | Abyss:2  | Noticed a chaos spawn
   153 | D:1      | Escaped the Abyss
   316 | D:1      | Reached XP level 2. HP: 27/27 MP: 2/2
   427 | D:1      | Reached * piety under Lugonu
   525 | D:1      | Reached skill level 3 in Armour
   991 | D:2      | Reached XP level 3. HP: 33/33 MP: 3/3
  1159 | D:2      | Found a bloodstained altar of Trog.
  1388 | D:2      | Reached XP level 4. HP: 35/40 MP: 4/4
  1494 | D:2      | Found a white marble altar of Elyvilon.
  1598 | D:3      | Reached ** piety under Lugonu
  1602 | D:3      | Reached skill level 4 in Armour
  1620 | D:3      | Reached XP level 5. HP: 17/46 MP: 5/5
  1965 | D:3      | Found a glowing golden altar of the Shining One.
  2304 | D:4      | Found a snail-covered altar of Cheibriados.
  2320 | D:4      | Found Gussoed's General Store.
  2328 | D:4      | Reached skill level 1 in Shields
  2336 | D:4      | Bought a scroll of teleportation for 30 gold pieces
  2689 | D:4      | Found Zomuxeeg's Distillery.
  2693 | D:4      | Bought a potion of heal wounds for 70 gold pieces
  2693 | D:4      | Bought a potion of haste for 140 gold pieces
  2693 | D:4      | Bought 2 potions of curing for 84 gold pieces
  2769 | D:4      | Noticed Grinder
  2779 | D:4      | Paralysed by Grinder for 2 turns
  2787 | D:4      | Reached skill level 5 in Armour
  2787 | D:4      | Reached XP level 6. HP: 53/53 MP: 7/7
  2792 | D:4      | Killed Grinder
  3050 | D:4      | Reached XP level 7. HP: 58/60 MP: 8/8
  3060 | D:4      | Reached skill level 6 in Armour
  3175 | D:5      | Entered Level 5 of the Dungeon
  3236 | D:5      | Reached skill level 5 in Axes
  3398 | D:5      | Reached skill level 5 in Fighting
  3782 | D:5      | Reached *** piety under Lugonu
  3905 | D:5      | Noticed Berahthraban's ghost (amateur HuTm)
  3922 | D:5      | Killed Berahthraban's ghost
  3922 | D:5      | Reached skill level 7 in Armour
  3922 | D:5      | Reached XP level 8. HP: 68/68 MP: 9/9
  4196 | D:5      | Found a snail-covered altar of Cheibriados.
  4856 | D:6      | Noticed gyp21's ghost (novice DEFE)
  4884 | D:6      | Killed gyp21's ghost
  4884 | D:6      | Reached skill level 8 in Armour
  4884 | D:6      | Reached XP level 9. HP: 32/75 MP: 11/11
  5155 | D:6      | Reached skill level 5 in Invocations
  5869 | D:6      | Reached skill level 9 in Armour
  6082 | D:6      | Found a staircase to the Ecumenical Temple.
  6460 | D:7      | Noticed Menkaure
  6467 | D:7      | Killed Menkaure
  6467 | D:7      | Reached skill level 5 in Shields
  6527 | D:7      | Noticed Pikel
  6559 | D:7      | Killed Pikel
  6909 | D:7      | Found a shadowy altar of Dithmenos.
  6924 | D:7      | Reached skill level 10 in Armour
  6967 | D:7      | Reached **** piety under Lugonu
  7233 | D:7      | Reached XP level 10. HP: 80/84 MP: 13/13
  7498 | D:8      | Noticed Grum
  7516 | D:8      | Slain by a wolf

Skill      XL: |  1  2  3  4  5  6  7  8  9 |
---------------+----------------------------+-----
Invocations    | 2 3 4 5 |  5.9
Armour         | 3 4 5 7 8 10 | 10.2
Fighting       | 4 5 6 |  6.6
Axes           | 3 4 6 7 9 |  9.1
Shields        | 1 2 3 5 |  5.6
Dodging        | 2 3 |  3.3
Throwing       | |  0.4

Action                   |  1- 3 |  4- 6 |  7- 9 | 10-12 || total
-------------------------+-------+-------+-------+-------++-------
Melee: Hand axe          |    86 |   120 |   454 |    39 ||   699
       Headbutt          |     9 |    16 |    84 |     5 ||   114
Throw: Javelin           |       |       |     5 |       ||     5
Invok: Depart the Abyss  |     1 |       |       |       ||     1
  Use: Scroll            |     4 |     7 |     2 |       ||    13
       Potion            |     1 |     2 |     3 |     2 ||     8
  Eat: Chunk             |     1 |     6 |     9 |     1 ||    17
       Bread ration      |       |       |     1 |       ||     1
Armor: Ring mail         |    48 |    25 |       |       ||    73
       Chain mail        |       |    33 |   154 |       ||   187
       Plate armour      |       |       |    79 |    25 ||   104
Dodge: Dodged            |    72 |    76 |    77 |     8 ||   233
Block: Buckler           |    12 |    28 |    24 |       ||    64
       Large shield      |       |       |   204 |    32 ||   236
